 Dungeon Crawl Stone Soup version 0.28.0-53-g5a82cb258f (webtiles) character file.

Game seed: 12047217065862210983

28 Descartes the Covert (level 3, -3/19 HPs)
             Began as a Spriggan Delver on July 5, 2022.
             Slain by a black bear (7 damage)
             ... on level 4 of the Dungeon.
             The game lasted 00:00:40 (177 turns).

Descartes the Covert (Spriggan Delver)               Turns: 177, Time: 00:00:41

Health: -3/19      AC:  2    Str: 10    XL:     3   Next: 0%
Magic:  4/4        EV: 18    Int: 11    God:
Gold:   0          SH:  0    Dex: 16    Spells: 2/2 levels left

rFire   . . .      SeeInvis +   a - +0 short sword
rCold   . . .      Faith    .   (no shield)
rNeg    . . .      Spirit   .   b - +0 robe
rPois   .          Reflect  .   (helmet restricted)
rElec   .          Harm     .   (no cloak)
rCorr   .          Rampage  .   (gloves unavailable)
Will    .....                   (boots unavailable)
Stlth   ++++......              (no amulet)
HPRegen 0.06/turn               (no ring)
MPRegen 0.09/turn               (no ring)

@: very quick
A: very small, no large weapons, unfitting armour, see invisible, speed 3
a: no special abilities


You were on level 4 of the Dungeon.
You visited 1 branch of the dungeon, and saw 2 of its levels.

Inventory:

Hand Weapons
 a - a +0 short sword (weapon)
Missiles
 h - 10 stones (quivered)
 i - 14 arrows
Armour
 b - a +0 robe (worn)
Wands
 g - a wand of digging (3)
Scrolls
 c - a scroll of fog
 d - a scroll of magic mapping
 e - a scroll of fear
Potions
 f - 2 potions of haste


   Skills:
 - Level 2.4 Fighting
 + Level 2.7 Short Blades
 + Level 3.3 Dodging
 * Level 8.0 Stealth


You had 2 spell levels left.
You didn't know any spells.
Your spell library was empty.

Dungeon Overview and Level Annotations

Branches:
Dungeon (5/15)             Temple (0/1) D:5

Altars:


Innate Abilities, Weirdness & Mutations

You are very small and have problems with some larger weapons.
You are too small for most types of armour.
You have supernaturally acute eyesight. (SInv)
You cover ground extremely quickly. (Speed+++)


Message History

You hit the black bear.
The black bear is lightly wounded.
The black bear bites you. The black bear closely misses you.
The black bear claws you.
You hit the black bear.
The black bear is moderately wounded.
The black bear barely misses you. The black bear misses you.
The black bear completely misses you.
You hit the black bear.
The black bear is heavily wounded.
The black bear barely misses you. The black bear closely misses you.
The black bear claws you.
You barely miss the black bear.
The black bear is heavily wounded.
The black bear bites you but does no damage.
The black bear misses you. The black bear closely misses you.
You barely miss the black bear.
The black bear is heavily wounded.
The black bear bites you.
* * * LOW HITPOINT WARNING * * *
The black bear completely misses you. The black bear closely misses you.
You are too injured to fight recklessly!
You are too injured to fight recklessly!
You are too injured to fight recklessly!
You are too injured to fight recklessly!
You are too injured to fight recklessly!
You are too injured to fight recklessly!
You are too injured to fight recklessly!
You are too injured to fight recklessly!
You are too injured to fight recklessly!
You are too injured to fight recklessly!
You hit the black bear.
The black bear is heavily wounded.
The black bear bites you.
* * * LOW HITPOINT WARNING * * *
The black bear completely misses you. The black bear closely misses you.
You hit the black bear.
The black bear is severely wounded.
The black bear bites you!
You die...

#..# #..# #..#
#).# #..#
#########..#
........#..######
#####..........
#..h@....######
#.###......#
...........
####.....###
#.......
#........
#.....##. ....#


You could see a black bear.

Vanquished Creatures
  An iguana (D:4)
  A goblin (D:4)
2 creatures vanquished.

Notes
Turn   | Place    | Note
-------+----------+-------------------------------------------
     0 | D:5      | Descartes the Spriggan Delver began the quest for the Orb.
     0 | D:5      | Reached XP level 1. HP: 11/11 MP: 2/2
     3 | D:5      | Found a staircase to the Ecumenical Temple.
     3 | D:5      | Noticed an orc wizard
    59 | D:4      | Noticed an iguana
    68 | D:4      | Killed an iguana
    69 | D:4      | Reached skill level 8 in Stealth
    69 | D:4      | Reached XP level 2. HP: 12/16 MP: 3/3
   162 | D:4      | Reached XP level 3. HP: 19/19 MP: 4/4
   166 | D:4      | Noticed a black bear
   177 | D:4      | Slain by a black bear

Illustrated notes

Levels and vault maps discovered:
D:4:      layout_basic
D:5:      layout_basic, elyvilon_altar_1, minmay_temple_entry_sparse_star,
          minmay_stone_trees_large

Skill      XL: |  1 |
---------------+----+-----
Dodging        | 3 |  3.3
Stealth        | 8 |  8.0
Fighting       | |  2.4
Short Blades   | |  2.7

Action                   || total
-------------------------++-------
Melee: Short sword       ||    12
 Stab: Sleeping          ||     2
Armor: Robe              ||     1
Dodge: Dodged            ||    13
